 Dungeon Crawl Stone Soup version 0.28.0-45-g0d030f2227 (webtiles) character file.

Game seed: 15828149350708852519

17281 dohliylev the Unseen (level 12, 0/56 HPs)
             Began as a Spriggan Enchanter on May 9, 2022.
             Was an Elder of Dithmenos.
             Slain by a soul eater (21 damage)
             ... summoned by an orc high priest
             ... on level 2 of the Orcish Mines.
             The game lasted 01:07:39 (13873 turns).

dohliylev the Unseen (Spriggan Enchanter)          Turns: 13873, Time: 01:07:40

Health: 0/56       AC:  6    Str:  4    XL:     12   Next: 17%
Magic:  14/26      EV: 23    Int: 22    God:    Dithmenos [****..]
Gold:   953        SH:  6    Dex: 18    Spells: 15/29 levels left

rFire   . . .      SeeInvis +   k - +2 dagger (venom)
rCold   + . .      Faith    .   R - +0 buckler
rNeg    . . .      Spirit   .   t - +2 robe "Gieta" {Rampage Will+ Regen+ Archmagi}
rPois   .          Reflect  .   Q - +1 hat {SInv}
rElec   .          Harm     .   j - +0 cloak
rCorr   .          Rampage  +   (gloves unavailable)
Will    +++..      Archmagi + + (boots unavailable)
Stlth   +++++++++.              A - amulet of magic regeneration
HPRegen 0.98/turn               X - ring of the Final Chapter {rC+ EV+4 Int+3}
MPRegen 0.60/turn               D - ring of the Mage {Wiz Archmagi}

@: confusing by touch, wreathed by umbra, unable to read, very quick
A: very small, no large weapons, unfitting armour, see invisible, speed 3,
inability to read while threatened
a: Renounce Religion, Shadow Step


You were on level 2 of the Orcish Mines.
You worshipped Dithmenos.
Dithmenos was greatly pleased with you.
You visited 3 branches of the dungeon, and saw 12 of its levels.

You collected 953 gold pieces.

Inventory:

Hand Weapons
 k - a +2 dagger of venom (weapon)
 q - a +2 dagger of protection
 V - a +0 dagger of freezing
Missiles
 N - 2 throwing nets (quivered)
Armour
 j - a +0 cloak (worn)
 t - the +2 robe "Gieta" (worn) {Rampage Will+ Regen+ Archmagi}
   (You found it on level 6 of the Dungeon)

   Regen:     It increases your rate of health regeneration.
   Rampage:   It bestows one free step when moving towards enemies.
   Archmagi:  It increases the power of your magical spells.
   Will:      It increases your willpower.
 F - a scarf of harm
 G - +0 steam dragon scales
 Q - a +1 hat of see invisible (worn)
 R - a +0 buckler (worn)
Magical Staves
 x - a staff of death
 S - a staff of air
Jewellery
 s - a +4 ring of slaying
 w - a ring of positive energy
 A - an amulet of magic regeneration (around neck)
 D - the ring of the Mage (right hand) {Wiz Archmagi}
   (You found it on level 7 of the Dungeon)

   [ring of wizardry]

   It improves your spell success rate.
   Archmagi:  It increases the power of your magical spells.
 X - the ring of the Final Chapter (left hand) {rC+ EV+4 Int+3}
   (You found it on level 9 of the Dungeon)

   [ring of evasion]

   EV:        It affects your evasion (+4).
   Int:       It affects your intelligence (+3).
   rC:        It protects you from cold.
Wands
 u - a wand of flame (26)
 E - a wand of iceblast (17)
 L - a wand of digging (8)
 M - a wand of charming (13)
 W - a wand of mindburst (9)
Scrolls
 b - a scroll of summoning {unknown}
 d - 2 scrolls of amnesia {unknown}
 f - a scroll of brand weapon {unknown}
 g - 2 scrolls of enchant weapon {unknown}
 i - 2 scrolls of fog {unknown}
 l - 6 scrolls of identify {unknown}
 m - 4 scrolls of vulnerability {unknown}
 n - 8 scrolls of teleportation {unknown}
 r - a scroll of silence {unknown}
 y - 2 scrolls of immolation
 B - 2 scrolls of enchant armour {unknown}
 J - a scroll of holy word {unknown}
 K - a scroll of magic mapping {unknown}
 O - a scroll of noise {unknown}
 P - 2 scrolls of blinking {unknown}
Potions
 a - a potion of flight {unknown}
 c - a potion of invisibility
 e - 4 potions of mutation {unknown}
 h - 2 potions of degeneration {unknown}
 o - 2 potions of attraction {unknown}
 p - a potion of cancellation {unknown}
 v - 2 potions of heal wounds {unknown}
 z - a potion of ambrosia {unknown}
 C - a potion of curing {unknown}
 H - a potion of lignification {unknown}
 I - a potion of haste {unknown}
 T - a potion of magic {unknown}
 U - a potion of brilliance {unknown}


   Skills:
 + Level 3.0 Fighting
 + Level 7.0 Short Blades
 + Level 5.8 Dodging
 + Level 15.4 Stealth
 + Level 1.0 Shields
 + Level 9.3 Spellcasting
 + Level 0.8 Conjurations
 + Level 13.2 Hexes
 + Level 1.3 Summonings
 + Level 6.5 Ice Magic


You had 15 spell levels left.
You knew the following spells:

 Your Spells              Type           Power      Damage    Failure   Level
a - Ensorcelled Hibernat  Hex/Ice        100%       N/A       1%          2
b - Confusing Touch       Hex            100%       N/A       1%          3
c - Tukima's Dance        Hex            100%       N/A       1%          3
d - Summon Guardian Gole  Hex/Summ       77%        N/A       1%          3
e - Dazzling Flash        Conj/Hex       100%       N/A       1%          3

Your spell library contained the following spells:

 Spells                   Type           Power      Damage    Failure   Level
 Freeze                   Ice            100%       1d11      1%          1
 Frozen Ramparts          Ice            100%       1d12      1%          3
 Summon Small Mammal      Summ           100%       N/A       3%          1
 Shock                    Conj/Air       100%       1d9       4%          1
 Call Canine Familiar     Summ           36%        N/A       10%         3
 Yara's Violent Unravell  Hex/Tmut       36%        3d15      11%         5
 Hailstorm                Conj/Ice       56%        3d12      12%         4
 Swiftness                Air            23%        N/A       16%         3
 Enfeeble                 Hex            50%        N/A       21%         7
 Airstrike                Air            11%        N/A       45%         4


Dungeon Overview and Level Annotations

Branches:
Dungeon (9/15)             Temple (1/1) D:5            Lair (0/6) D:8
    Orc (2/2) D:9
    Elf: Orc:2

Altars:
Ashenzari
Cheibriados
Dithmenos
Elyvilon
Fedhas
Gozag
Hepliaklqana
Kikubaaqudgha
Makhleb
Nemelex Xobeh
Okawaru
Qazlal
Ru
Sif Muna
Trog
Uskayaw
Vehumet
Wu Jian
Xom
Yredelemnul
Zin
The Shining One
Beogh

Shops:
D:2 =   D:5 *   D:7 [


Innate Abilities, Weirdness & Mutations

You are very small and have problems with some larger weapons.
You are too small for most types of armour.
You have supernaturally acute eyesight. (SInv)
You cover ground extremely quickly. (Speed+++)
You sometimes lose the ability to read scrolls when taking damage.


Message History

The orc high priest is lightly wounded.
The neqoxec hits your guardian golem.
Your guardian golem disappears in a puff of smoke!
Your guardian golem explodes!
Dithmenos accepts your kill.
You feel a bit more experienced.
The fiery explosion engulfs the orange demon!!
The fiery explosion engulfs the neqoxec!!!
The neqoxec dies!
The neqoxec disappears in a puff of smoke!
The fiery explosion engulfs the orc high priest!!!
You hear a shout!
The soul eater hits you!
You feel threatened and lose the ability to read scrolls!
An orc comes into view. It is wielding a +0 hand axe.
The soul eater draws from the surrounding life force!
An orc high priest comes into view. It is wielding a +0 war axe.
Casting: Confusing Touch (safe; 1% risk of failure)
Confirm with . or Enter, or press ? or * to list all spells.
Aiming: Ensorcelled Hibernation (safe; 1% risk of failure)
Press: ? - help, Shift-Dir - straight line, f - orc
Aim: an orc, wielding a +0 hand axe (umbra, chance to affect: 84%)
You feel a strong surge of power!
The orc looks drowsy...
The orc high priest shouts!
You hear a shout!
The orc high priest invokes the aid of Beogh against you.
Beogh smites you!
An orc wizard comes into view. It is wielding a +0 dagger.
The helpless orc fails to defend itself.
You perforate the orc like a sieve!!!!
You kill the orc!
Dithmenos accepts your kill.
Casting: Ensorcelled Hibernation (safe; 1% risk of failure)
Confirm with . or Enter, or press ? or * to list all spells.
You feel a strong surge of power!
Your hands begin to glow red.
The orc high priest mumbles some strange prayers to Beogh.
The orc wizard gestures at you while chanting.
The magic dart hits you.
You hit the soul eater but do no damage.
The soul eater hits you!!
You die...

............##.4§#...#
..............##°#o...#
...............#§....##
.......##.#...........#
#4...........#.#.....##
..o.....#....###...###
.............##.....#
...o..)#..#.####...##
......#@3...## ##...#
#..........# ##.##
#.......##.## ##
##......#....
#.##.#.###.##.# ..
##### ### # .


You could see a soul eater (summoned), an orc high priest, a rust devil
(summoned) and an orc wizard.

Vanquished Creatures
  Gastronok (D:9)
  Harold (D:8)
  The ghost of markt42 the Basher, a novice GrFi of Okawaru (D:9)
  2 orc high priests (Orc:2)
  Pikel (D:6)
  3 orc knights (Orc:2)
  An orc sorcerer (Orc:2)
  Maurice (D:8)
  A gargoyle (D:9)
  2 tengu conjurers (D:9)
  3 trolls (Orc:2)
  A hornet (D:9)
  Prince Ribbit (D:8)
  Grinder (D:3)
  7 yaks
  A wyvern (D:8)
  Grum (D:8)
  A steam dragon (D:7)
  An acid dragon (D:9)
  3 wargs
  3 water moccasins
  Duvessa (D:5)
  15 orc warriors
  2 sky beasts (D:6)
  A necrophage (D:8)
  10 ogres
  2 wolves (D:8)
  A lemure (D:6)
  A phantom (D:5)
  A kobold brigand (D:9)
  The ghost of Discosetron the Sneak, an amateur KoEn (D:3)
  A bullfrog (D:8)
  4 scorpions
  A wyvern skeleton (D:6)
  Dowan (D:5)
  2 water moccasin skeletons
  5 killer bees (D:8)
  2 centaur zombies
  4 jellies
  2 hounds
  14 orc priests
  A centaur skeleton (D:6)
  6 iguanas
  11 orc wizards
  A killer bee zombie (D:7)
  A hound skeleton (D:5)
  A howler monkey zombie (D:5)
  7 gnolls
  9 adders
  A shadow imp (D:6)
  4 white imps
  2 ufetubi
  2 dart slugs (D:3)
  50 orcs
  6 ball pythons
  4 bats
  6 endoplasms
  2 giant cockroaches
  13 goblins
  13 hobgoblins
  3 jackals (D:3)
  3 quokkas
  A frilled lizard (D:2)
  13 kobolds
  5 rats
273 creatures vanquished.

Vanquished Creatures (collateral kills)
  An orc warlord (Orc:2)
  2 orcs (D:8)
3 creatures vanquished.

Vanquished Creatures (others)
  Urug (Orc:2)
  A hornet (D:8)
  A yak (D:8)
  3 orc warriors (Orc:2)
  2 orc priests (Orc:2)
  4 orcs (Orc:2)
  13 fungi (D:8)
  17 plants (D:8)
42 creatures vanquished.

Grand Total: 318 creatures vanquished

Notes
Turn   | Place    | Note
-------+----------+-------------------------------------------
     0 | D:1      | dohliylev the Spriggan Enchanter began the quest for the
                  | Orb.
     0 | D:1      | Reached XP level 1. HP: 9/9 MP: 5/5
   639 | D:1      | Reached XP level 2. HP: 13/13 MP: 6/6
   642 | D:1      | Learned a level 2 spell: Ensorcelled Hibernation
   846 | D:1      | Reached skill level 5 in Stealth
  1412 | D:2      | Reached XP level 3. HP: 16/16 MP: 8/8
  1529 | D:2      | Found Gomil's Jewellery Shoppe.
  1744 | D:2      | Learned a level 3 spell: Confusing Touch
  2777 | D:3      | Reached XP level 4. HP: 21/21 MP: 5/9
  2985 | D:3      | Reached skill level 6 in Stealth
  2993 | D:3      | Noticed Grinder
  3065 | D:3      | Reached XP level 5. HP: 25/25 MP: 10/10
  3072 | D:3      | Found a large runed translucent door.
  3072 | D:3      | Found a large runed translucent door.
  3073 | D:3      | Noticed Discosetron's ghost (amateur KoEn)
  3733 | D:3      | Identified the +5 hand axe of Distant Shores {holy, Contam
                  | rN+ Dex+4 Stlth+}
  4187 | D:3      | Paralysed by Grinder for 4 turns
  4203 | D:3      | Learned a level 3 spell: Tukima's Dance
  4220 | D:3      | HP: 1/25 [Grinder (6)]
  4222 | D:3      | Killed Grinder
  4223 | D:3      | Reached skill level 1 in Fighting
  4223 | D:3      | Reached skill level 7 in Stealth
  4223 | D:3      | Reached skill level 1 in Ice Magic
  4223 | D:3      | Reached XP level 6. HP: 2/30 MP: 7/12
  4566 | D:3      | Killed Discosetron's ghost
  4567 | D:3      | Reached skill level 5 in Hexes
  4868 | D:4      | Reached skill level 8 in Stealth
  5007 | D:3      | Learned a level 3 spell: Summon Guardian Golem
  5106 | D:4      | Reached XP level 7. HP: 30/33 MP: 2/14
  6149 | D:5      | Entered Level 5 of the Dungeon
  6164 | D:5      | Found Gukk's Overcharged Wands.
  6357 | D:5      | Noticed Duvessa
  6358 | D:5      | Noticed Dowan
  6415 | D:5      | Found a staircase to the Ecumenical Temple.
  6483 | D:5      | Reached skill level 9 in Stealth
  6947 | D:6      | Reached skill level 5 in Spellcasting
  6947 | D:6      | Reached XP level 8. HP: 30/37 MP: 13/16
  7353 | D:6      | Reached skill level 10 in Stealth
  7371 | D:6      | Identified the +2 robe "Gieta" {Rampage Will+ Regen+
                  | Archmagi}
  7402 | D:6      | Noticed Pikel
  7468 | D:6      | Killed Pikel
  7469 | D:6      | Reached skill level 11 in Stealth
  7597 | Temple   | Entered the Ecumenical Temple
  7704 | Temple   | Became a worshipper of Dithmenos the Shadowed
  7866 | D:5      | Found a shimmering blue altar of Sif Muna.
  7885 | D:5      | Killed Dowan
  7951 | D:5      | Killed Duvessa
  7952 | D:5      | Reached XP level 9. HP: 40/42 MP: 14/19
  8640 | D:7      | Found Mistikk's Antique Armour Shoppe.
  8932 | D:7      | Found the ring of the Mage {Wiz Archmagi}
  9252 | D:7      | Reached skill level 12 in Stealth
  9377 | D:7      | Reached * piety under Dithmenos
  9817 | D:8      | Noticed Prince Ribbit
  9819 | D:8      | Killed Prince Ribbit
  9820 | D:8      | Reached skill level 13 in Stealth
  9824 | D:8      | Learned a level 3 spell: Dazzling Flash
  9875 | D:8      | Noticed Maurice
  9879 | D:8      | Killed Maurice
  9893 | D:8      | Noticed Harold
  9899 | D:8      | Killed Harold
  9900 | D:8      | Reached skill level 5 in Short Blades
  9900 | D:8      | Reached XP level 10. HP: 46/46 MP: 21/21
 10031 | D:8      | Reached skill level 10 in Hexes
 10159 | D:8      | Paralysed by a hornet for 1 turns
 10187 | D:8      | Noticed Grum
 10252 | D:8      | Reached ** piety under Dithmenos
 10258 | D:8      | Killed Grum
 10402 | D:8      | Found a staircase to the Lair.
 10767 | D:9      | Found a staircase to the Orcish Mines.
 10937 | D:9      | Noticed Gastronok
 11193 | D:9      | Reached skill level 5 in Ice Magic
 11608 | D:9      | Killed Gastronok
 11609 | D:9      | Reached XP level 11. HP: 51/51 MP: 22/22
 12112 | D:9      | Found a runed translucent door.
 12115 | D:9      | Noticed markt42's ghost (novice GrFi)
 12602 | D:9      | Killed markt42's ghost
 12605 | D:9      | Identified the ring of the Final Chapter {rC+ EV+4 Int+3}
 12628 | Orc:1    | Entered Level 1 of the Orcish Mines
 12640 | Orc:1    | Reached skill level 1 in Summonings
 12835 | Orc:1    | You fall into a shaft and drop 1 floor!
 12835 | Orc:2    | Entered Level 2 of the Orcish Mines
 12862 | Orc:2    | Noticed an orc high priest
 12898 | Orc:2    | Killed an orc high priest
 12899 | Orc:2    | Reached skill level 5 in Dodging
 12899 | Orc:2    | Reached skill level 14 in Stealth
 12939 | Orc:2    | Reached *** piety under Dithmenos
 13134 | Orc:2    | Noticed an orc high priest
 13165 | Orc:2    | Noticed an orc sorcerer
 13228 | Orc:2    | Killed an orc sorcerer
 13249 | Orc:2    | Noticed Urug
 13329 | Orc:2    | Killed Urug
 13380 | Orc:2    | Killed an orc high priest
 13390 | Orc:2    | Noticed an orc knight
 13400 | Orc:2    | Noticed an orc warlord
 13413 | Orc:2    | Reached **** piety under Dithmenos
 13414 | Orc:2    | Reached skill level 1 in Shields
 13440 | Orc:2    | Noticed an orc knight
 13745 | Orc:2    | Reached skill level 15 in Stealth
 13748 | Orc:2    | Killed an orc knight
 13749 | Orc:2    | Reached XP level 12. HP: 50/56 MP: 19/25
 13822 | Orc:2    | Killed an orc warlord
 13828 | Orc:2    | Noticed an orc high priest
 13850 | Orc:2    | Gained mutation: You sometimes lose the ability to read
                  | scrolls when taking damage. [a neqoxec]
 13867 | Orc:2    | Noticed an orc high priest
 13873 | Orc:2    | Slain by a soul eater

Illustrated notes

Levels and vault maps discovered:
D:1:      onia_arrival_mini_spirals, layout_basic, serial_rivers,
          chequers_serial_rivers_large_a, chequers_serial_rivers_small_3,
          chequers_serial_rivers_marsh, chequers_serial_rivers_small_b,
          chequers_serial_rivers_micro_b, chequers_serial_rivers_micro_b
D:2:      layout_basic, serial_shops, shop
D:3:      kennysheep_goblin_castle, layout_loops_corners,
          ebering_ghost_disaster_area, st_stairs_7, uniq_grinder
D:4:      layout_layer_cave, abandoned_shop, kennysheep_orc_chapel
D:5:      layout_basic, mainiacjoe_overflow_concentric_impassable,
          minmay_temple_entry_ruins, nicolae_shop_overcharged_wands,
          uniq_duvessa
D:6:      layout_rooms, uniq_pikel
D:7:      minmay_skewed_foursquare, layout_loops_corners, serial_shops, shop
D:8:      layout_basic, grunt_lair_entry_orc_guard_hut, uniq_prince_ribbit1,
          uniq_maurice, uniq_harold, uniq_grum
D:9:      layout_basic, david_orc_3, ebering_ghost_inner_flame, uniq_gastronok
Temple:   kilobyte_greek_temple
Orc:1:    layout_caves
Orc:2:    st_orc_congregation, layout_caves, uniq_urug

Skill      XL: |  1  2  3  4  5  6  7  8  9 10 11 12 |
---------------+-------------------------------------+-----
Hexes          | 4 5 7 9 12 13 | 13.2
Stealth        | 5 6 7 8 9 11 13 15 | 15.4
Spellcasting   | 3 4 5 6 7 8 9 |  9.3
Short Blades   | 2 3 4 5 6 7 |  7.0
Dodging        | 3 4 5 |  5.8
Fighting       | 1 2 3 |  3.0
Ice Magic      | 1 2 4 5 6 |  6.5
Summonings     | 1 |  1.3
Shields        | 1 |  1.0
Conjurations   | |  0.8

Action                   |  1- 3 |  4- 6 |  7- 9 | 10-12 || total
-------------------------+-------+-------+-------+-------++-------
Melee: Dagger            |    74 |    84 |   148 |   308 ||   614
       Punch             |       |       |     3 |       ||     3
 Cast: Ensorcelled Hiber |    22 |    39 |    46 |   113 ||   220
       Confusing Touch   |     1 |     4 |    19 |    35 ||    59
       Tukima's Dance    |       |     1 |     1 |     4 ||     6
       Summon Guardian G |       |     1 |     1 |    12 ||    14
       Dazzling Flash    |       |       |       |    33 ||    33
 Stab: Sleeping          |    25 |    36 |    49 |    60 ||   170
       Distracted        |     1 |       |     3 |     1 ||     5
       Confused          |       |     2 |    12 |    24 ||    38
       Invisible         |       |       |       |    11 ||    11
Armor: Robe              |     6 |     3 |     5 |    18 ||    32
Dodge: Dodged            |    38 |    39 |    66 |   186 ||   329
Block: Buckler           |       |       |       |    51 ||    51
